 Dungeon Sprint DCSS version 0.20.1-1-g8b1a95d (webtiles) character file.

2111 wojtek the Protected (level 9, -1/86 HPs)
             Began as a Minotaur Fighter on Dec 29, 2017.
             Was an Initiate of Trog.
             Killed from afar by an oklob plant (19 damage)
             ... with a splash of acid
             ... in the Dungeon (Sprint I: "Red Sonja").
             The game lasted 00:01:43 (1265 turns).

wojtek the Protected (Minotaur Fighter)             Turns: 1265, Time: 00:01:44

Health: -1/86      AC:  5    Str: 24    XL:     9   Next: 7%
Magic:  8/8        EV:  9    Int:  5    God:    Trog [......]
Gold:   439        SH: 12    Dex: 10    Spells: 8/8 levels left

rFire    . . .     SeeInvis .   a - +0 flail
rCold    . . .     Gourm    .   c - +0 shield
rNeg     . . .     Faith    .   b - +0 scale mail
rPois    .         Spirit   .   (helmet restricted)
rElec    .         Reflect  .   (no cloak)
rCorr    .         Harm     .   (no gloves)
MR       .....     NoTele   +   (no boots)
Stlth    ..........             (no amulet)
Regen    0.3/turn               (no ring)
MPRegen  0.2/turn               (no ring)

@: corroded
A: retaliatory headbutt, horns 2
a: Burn Spellbooks, Renounce Religion


You were in the Dungeon.
You worshipped Trog.
Trog was noncommittal.
You were not hungry.

You visited 1 branch You collected 439 gold pieces.

Inventory:

Hand Weapons
 a - a +0 flail (weapon)
Armour
 b - a +0 scale mail (worn)
 c - a +0 shield (worn)
Scrolls
 k - a scroll of blinking
 l - a scroll of remove curse {unknown}
Potions
 d - a potion of might
 e - a potion of curing
 g - a potion of heal wounds
 h - a potion of haste
 i - 2 potions of magic
 j - a potion of berserk rage
Comestibles
 f - a bread ration


   Skills:
 + Level 10.6 Fighting
 * Level 13.9 Maces & Flails
 * Level 14.1 Armour
 + Level 10.5 Shields


You had 8 spell levels left.
You didn't know any spells.

Dungeon Overview and Level Annotations

Branches:
Dungeon (1/1)

Altars:
Cheibriados
Dithmenos
Elyvilon
Fedhas
Gozag
Hepliaklqana
Kikubaaqudgha
Makhleb
Nemelex Xobeh
Okawaru
Qazlal
Ru
Sif Muna
Trog
Uskayaw
Vehumet
Xom
Yredelemnul
Zin
The Shining One
Jiyva
Lugonu

Shops:
D %

Annotations:
D exclusion: oklob plant


Innate Abilities, Weirdness & Mutations

You reflexively headbutt those who attack you in melee.
You have a pair of horns on your head.


Message History

The acid burns!
You hit the oklob plant but do no damage.
You headbutt the oklob plant.
The oklob plant is lightly damaged.
You sock the oklob plant!
You headbutt the oklob plant, but do no damage.
The oklob plant is moderately damaged.
You hit the oklob plant but do no damage.
You headbutt the oklob plant, but do no damage.
The oklob plant is moderately damaged.
You hit the oklob plant but do no damage.
The oklob plant is moderately damaged.
The oklob plant spits acid at you. The splash of acid hits you!
The acid corrodes you!
You are splashed with acid!
The acid burns!
* * * LOW HITPOINT WARNING * * *
Unknown command.
The oklob plant spits acid at you. The splash of acid hits you!
You die...

#############
)..#..'..#__#
#..').#..'..+
##'#####'#__####
#..#...#[####§§####
####..##(#§≈§§§#§.#
___##'#.)§)§≈§§§§§#
∩...'..._#§§§.§#@.#
.__##_.#(##§#####'#
___###+#(#.§.)# #P+
#### ####+### ###


You could see an oklob plant.

Vanquished Creatures
  2 centaur warriors (D)
  A hornet (D)
  A slime creature (D)
  Sigmund (D)
  A yak (D)
  An ogre (D)
  A jelly (D)
  Ijyb (D)
9 creatures vanquished.

Vanquished Creatures (others)
  A gargoyle (D)
1 creature vanquished.

Grand Total: 10 creatures vanquished

Notes
Turn   | Place    | Note
-------+----------+-------------------------------------------
     0 | D        | wojtek the Minotaur Fighter began the quest for the Orb.
     0 | D        | Reached XP level 1. HP: 19/19 MP: 0/0
     1 | D        | Noticed Ijyb
    38 | D        | Killed Ijyb
    38 | D        | Reached skill level 5 in Armour
    38 | D        | Reached XP level 2. HP: 10/28 MP: 1/1
   203 | D        | Killed a gargoyle
   235 | D        | Noticed an ogre
   240 | D        | Killed an ogre
   240 | D        | Reached skill level 5 in Fighting
   240 | D        | Reached skill level 7 in Armour
   240 | D        | Reached skill level 5 in Shields
   240 | D        | Reached XP level 3. HP: 24/37 MP: 2/2
   240 | D        | Reached XP level 4. HP: 29/44 MP: 3/3
   347 | D        | Noticed Sigmund
   377 | D        | Killed Sigmund
   377 | D        | Reached skill level 9 in Armour
   377 | D        | Reached XP level 5. HP: 15/52 MP: 4/4
   595 | D        | Found a burning altar of Makhleb.
   595 | D        | Found a viscous altar of Jiyva.
   595 | D        | Found a shimmering altar of Xom.
   595 | D        | Found a corrupted altar of Lugonu.
   595 | D        | Noticed a slime creature
   603 | D        | Killed a slime creature
   603 | D        | Reached skill level 10 in Maces & Flails
   603 | D        | Reached skill level 10 in Armour
   603 | D        | Reached XP level 6. HP: 61/61 MP: 5/5
   604 | D        | Found a deep blue altar of Sif Muna.
   606 | D        | Found a radiant altar of Vehumet.
   632 | D        | Found Ysohad's Food Emporium.
   632 | D        | Found an ancient bone altar of Kikubaaqudgha.
   632 | D        | Found a hazy altar of Hepliaklqana.
   632 | D        | Found a stormy altar of Qazlal.
   632 | D        | Found a hide-covered altar of Uskayaw.
   632 | D        | Found a blossoming altar of Fedhas.
   632 | D        | Found a bloodstained altar of Trog.
   632 | D        | Found an iron altar of Okawaru.
   632 | D        | Found a basalt altar of Yredelemnul.
   632 | D        | Found a glowing golden altar of the Shining One.
   632 | D        | Found a snail-covered altar of Cheibriados.
   632 | D        | Found a sacrificial altar of Ru.
   632 | D        | Found a glowing silver altar of Zin.
   632 | D        | Found a shadowy altar of Dithmenos.
   632 | D        | Found a white marble altar of Elyvilon.
   632 | D        | Noticed a yak
   640 | D        | Killed a yak
   640 | D        | Reached skill level 11 in Armour
   640 | D        | Reached XP level 7. HP: 53/69 MP: 6/6
   641 | D        | Found an opulent altar of Gozag.
   658 | D        | Found a sparkling altar of Nemelex Xobeh.
   820 | D        | Noticed a centaur warrior
   823 | D        | Noticed a centaur warrior
   830 | D        | Killed a centaur warrior
   830 | D        | Reached skill level 12 in Armour
   830 | D        | Reached XP level 8. HP: 22/79 MP: 7/7
   833 | D        | Killed a centaur warrior
   833 | D        | Reached skill level 10 in Fighting
   833 | D        | Reached skill level 13 in Armour
   833 | D        | Reached skill level 10 in Shields
   847 | D        | Became a worshipper of Trog the Wrathful
  1094 | D        | Noticed a hornet
  1108 | D        | Killed a hornet
  1108 | D        | Reached skill level 14 in Armour
  1108 | D        | Reached XP level 9. HP: 53/86 MP: 8/8
  1258 | D        | Noticed an oklob plant
  1265 | D        | Killed from afar by an oklob plant

Skill      XL: |  1  2  3  4  5  6  7  8 |
---------------+-------------------------+-----
Fighting       | 4 5 7 8 9 10 | 10.6
Maces & Flails | 4 6 9 10 11 12 13 | 13.9
Armour         | 5 7 9 10 11 12 14 | 14.1
Shields        | 4 5 6 7 8 9 10 | 10.5

Action                   |  1- 3 |  4- 6 |  7- 9 || total
-------------------------+-------+-------+-------++-------
Melee: Flail             |    40 |    31 |    28 ||    99
       Headbutt          |     9 |     7 |     9 ||    25
 Stab: Held in net/web   |       |     1 |       ||     1
  Eat: Chunk             |       |       |     1 ||     1
Armor: Scale mail        |    18 |     4 |     5 ||    27
Dodge: Dodged            |     7 |     8 |     4 ||    19
Block: Shield            |    18 |     6 |    18 ||    42
